 Dungeon Sprint DCSS version 0.30.1-11-g7821555f0a (webtiles) character file.

Game seed: 18198967013341736934

6 Heoruswealwe the Trooper (level 1, 0/20 HPs)
             Began as a Minotaur Fighter on Dec 3, 2023.
             Slain by an iguana (7 damage)
             ... in the Dungeon (Sprint IX: "|||||||||||||||||||||||||||||").
             The game lasted 00:00:18 (24 turns).

Heoruswealwe the Trooper (Minotaur Fighter)           Turns: 24, Time: 00:00:18

Health: 0/20       AC:  7    Str: 20    XL:     1   Next: 75%
Magic:  0/0        EV:  9    Int:  5    God:
Gold:   0          SH:  4    Dex:  9    Spells: 0/0 levels left

rFire   . . .        a - +0 trident
rCold   . . .        d - +0 buckler
rNeg    . . .        c - +0 scale mail
rPois   .            (helmet restricted)
rElec   .            (no cloak)
rCorr   .            (no gloves)
SInv    .            (no boots)
Will    .....        (no amulet) Stlth
                     (no ring)
HPRegen 0.23/turn    (no ring)
MPRegen 0.07/turn

%: no teleportation
@: no status effects
A: horns 2, retaliatory headbutt
a: no special abilities


You were in the Dungeon.
You visited 1 branch

Inventory:

Hand Weapons
 a - a +0 trident (weapon)
Armour
 c - a +0 scale mail (worn)
 d - a +0 buckler (worn)
Scrolls
 j - a scroll of blinking
Potions
 b - a potion of might
 e - a potion of curing
 f - a potion of heal wounds
 g - a potion of haste
 i - a potion of berserk rage


   Skills:
 + Level 4.2 Fighting
 * Level 3.9 Polearms
 + Level 4.2 Armour
 - Level 3.6 Shields


You couldn't memorise any spells.
You didn't know any spells.
Your spell library was empty.

Dungeon Overview and Level Annotations

Branches:
Dungeon (1/1)

Altars:


Innate Abilities, Weirdness & Mutations

You have a pair of horns on your head.
You reflexively headbutt those who attack you in melee.


Message History

You hit the quokka.
The quokka is heavily wounded.
The quokka bites you but does no damage. x2
You hit the quokka.
You kill the quokka!
You block the ball python's attack. The ball python grabs you.
The ball python constricts you.
Your Fighting skill increases to level 4!
Your Armour skill increases to level 4!
You closely miss the ball python. You block the ball python's attack.
The ball python constricts you.
You closely miss the ball python. The ball python bites you.
The ball python constricts you.
You barely miss the ball python.
The ball python bites you but does no damage.
The ball python constricts you.
The ball python bites you but does no damage.
The ball python constricts you.
You hit the ball python.
You kill the ball python!
You hit the rat.
You kill the rat!
You hit the giant cockroach.
Your headbutt misses the giant cockroach.
The giant cockroach is severely wounded.
The giant cockroach bites you but does no damage.
You hit the giant cockroach.
You kill the giant cockroach!
There is an open door to the Dungeon, spattered with blood here.
Items here: †††††.
You open the door.
An iguana, an ogre, a quokka, a phantom and a scorpion come into view.
The iguana hisses angrily.
The ogre shouts!
You hit the iguana.
The iguana is lightly wounded.
The iguana bites you!
You hit the iguana.
The iguana is heavily wounded.
The iguana bites you. The iguana bites you!
You die... ▓▓▓▓▓▓▓▓▓▓▓▓▓▓▓▓▓▓ ▓<.!.†....@lOrWs.+ ▓▓▓▓▓▓▓▓▓▓▓▓▓▓▓▓▓▓

You could see an ogre, a phantom, a scorpion, an iguana and a quokka.

Vanquished Creatures
  2 ball pythons (D)
  A giant cockroach (D)
  A quokka (D)
  A rat (D)
5 creatures vanquished.

Notes
Turn   | Place    | Note
-------+----------+-------------------------------------------
     0 | D        | Heoruswealwe the Minotaur Fighter began the quest for the
                  | Orb.
     0 | D        | Reached XP level 1. HP: 19/19 MP: 0/0
    22 | D        | Noticed an iguana
    22 | D        | Noticed an ogre
    22 | D        | Noticed a phantom
    22 | D        | Noticed a scorpion
    24 | D        | Slain by an iguana

Illustrated notes

Levels and vault maps discovered:
D:        linesprint [early_d, line_temple, items_1, d_10, items_2, lair_1,
          lair_end, items_3, orc_1, orc_end, items_4, d_15, swamp_1, shoals_1,
          snake_1, spider_1, d_20, vaults_1, items_5, swamp_end, shoals_end,
          snake_end, spider_end, vaults_end, d_27, items_6, zot_1, zot_end,
          crypt_end, forest_end, elf_end, slime_end, tomb_end, abyss_end,
          pan_hell_end]

Skill      XL: |  1 |
---------------+----+-----
Polearms       | 3 |  3.9
Fighting       | 4 |  4.2
Armour         | 4 |  4.2
Shields        | |  3.6

Action                     || total
---------------------------++-------
  Melee: Trident           ||    13
         Headbutt          ||     1
 Armour: Scale mail        ||     6
  Dodge: Dodged            ||     3
  Block: Buckler           ||     2
